Match 27864316
Unlisted

Match 27864316
End
Construct Section Command Post
Selects Heavy Armor Battlegroup
Dingo Light Scout Car
Dingo Light Scout Car
Vickers Machine Gun Team
Infantry Section
Construct Platoon Command Post
Selects Light Vehicle Withdraw and Refit
Humber Armored Car
Selects Rigorous Vehicle Training
Humber Armored Car
Infantry Section
Light Vehicle Withdraw and Refit
6-pounder Anti-tank Gun Team
6-pounder Anti-tank Gun Team
Light Vehicle Withdraw and Refit
Construct Company Command Post
Royal Engineer Section
Selects Forward Repair Assembly
Matilda II Heavy Tank
Foot Guards Section
Selects Recon Artillery
Foot Guards Section
Matilda II Heavy Tank
Matilda II Heavy Tank
Selects Crusader AA Medium Tank
Recon Artillery
aSIISymbiosis
InSaNiedi
*Mule
FeriG
0
0

Comments sign in to comment!

No comments posted yet!